AoeStats
← richarddf123

Arabia

509502079Analyzed
1v1 RM · 4d ago on Sep 27, 2026· 136m 35s· 2 players
Game mode
Random Map
Map size
Tiny (2 player)
Population
200
Speed
Normal
Resources
Standard
Victory
Conquest
Starting age
Dark Age
Ending age
Imperial Age
RankedLock teamsTeams togetherTeam positionsShared explorationLock speedFull tech treeHidden civsTurbo modeCheats
Victory
Defeat
🇺🇸 Franks · United States
780
+15
🇨🇦 Vietnamese · Canada
750
-15
Morino01
7:55 Loom
10:24 Feudal Age
11:39 Double-Bit Axe
11:37 Horse Collar
16:16 Fletching
23:26 Castle Age
22:51 Padded Archer Armor
22:49 Gold Mining
23:08 Stone Mining
23:34 Crossbowman
25:04 Bow Saw
25:01 Heavy Plow
26:58 Thumb Ring
29:10 Bodkin Arrow
32:24 Ballistics
37:40 Imperial Age
37:29 Chatras
38:40 Bracer
38:56 Leather Archer Armor
38:56 Forging
38:52 Scale Barding Armor
38:11 Arbalester
39:21 Paper Money
41:33 Elite Battle Elephant
45:03 Ring Archer Armor
45:10 Iron Casting
44:55 Chain Barding Armor
45:58 Chemistry
48:02 Bloodlines
47:53 Husbandry
48:53 Capped Ram
52:06 Wheelbarrow
51:16 Town Watch
52:13 Light Cavalry
55:36 Pikeman
56:17 Squires
57:57 Hand Cart
57:45 Town Patrol
58:25 Plate Barding Armor
58:29 Scale Mail Armor
58:12 Halberdier
67:10 Arson
70:17 Sappers
74:10 Chain Mail Armor
79:59 Hoardings
80:07 Plate Mail Armor
79:55 Masonry
94:10 Guilds
109:38 Elite Fire Lancer
132:05 Elite Skirmisher
133:20 Imperial Skirmisher
135:36 Bombard Tower
135:05 Arrowslits
135:31 Fortified Wall
richarddf123
10:16 Feudal Age
8:32 Loom
21:02 Castle Age
20:35 Double-Bit Axe
30:04 Wheelbarrow
35:14 Imperial Age
35:25 Cavalier
36:55 Bow Saw
38:04 Husbandry
38:46 Ballistics
39:27 Chemistry
38:23 Murder Holes
39:35 Hand Cart
40:35 Forging
41:11 Pikeman
45:40 Iron Casting
45:30 Siege Engineers
45:20 Fletching
45:28 Elite Skirmisher
48:27 Blast Furnace
48:16 Town Watch
48:03 Halberdier
48:28 Gambesons
48:44 Squires
49:09 Bodkin Arrow
49:15 Padded Archer Armor
54:23 Scale Mail Armor
54:35 Scale Barding Armor
53:53 Ordonnance Companies
54:18 Capped Ram
56:09 Town Patrol
56:10 Gold Mining
79:10 Chain Mail Armor
79:11 Leather Archer Armor
79:17 Chain Barding Armor
79:21 Conscription
79:03 Chivalry
82:34 Guard Tower
82:30 Arrowslits
84:45 Plate Mail Armor
84:50 Plate Barding Armor
89:36 Paladin
114:19 Cranequins
114:20 Heavy Mounted Crossbowman
Connection lost

Rejoining the realm…

Still unreachable

The connection could not be restored.

Session expired

The server has moved on; the page needs a fresh start.